AoeStats
← Deta01

Hill Fort

505551043Analyzed
2v2 RM · 23d ago on Sep 9, 2026· 38m 28s· 4 players
Game mode
Random Map
Map size
Medium (4 player)
Population
200
Speed
Normal
Resources
Standard
Victory
Conquest
Starting age
Dark Age
Ending age
Imperial Age
RankedLock teamsTeams togetherTeam positionsShared explorationLock speedFull tech treeHidden civsTurbo modeCheats
Victory
Defeat
🇮🇹 Khmer · Italy
1086
+14
🇦🇷 Britons · Argentina
1071
+14
🇹🇷 Slavs · Türkiye
1038
-14
🇹🇷 Italians · Türkiye
1038
-14
I AM MATTEO
5:56 Loom
10:34 Feudal Age
14:17 Castle Age
13:18 Double-Bit Axe
13:52 Horse Collar
18:15 Wheelbarrow
20:12 Wheelbarrow
21:28 Bow Saw
21:21 Heavy Plow
24:08 Hand Cart
24:30 Bloodlines
26:29 Scale Barding Armor
27:50 Forging
28:01 Chain Barding Armor
27:55 Husbandry
31:06 Imperial Age
29:17 Stone Mining
31:45 Stone Shaft Mining
31:00 Gold Mining
31:52 Iron Casting
32:14 Cavalier
34:21 Plate Barding Armor
34:46 Blast Furnace
35:51 Gold Shaft Mining
36:27 Conscription
Ron Damon
8:45 Loom
10:35 Feudal Age
16:36 Castle Age
15:18 Double-Bit Axe
17:58 Gold Mining
18:05 Fletching
18:15 Padded Archer Armor
19:45 Bodkin Arrow
23:00 Leather Archer Armor
22:47 Town Watch
25:44 Wheelbarrow
28:11 Stone Mining
31:50 Imperial Age
31:56 Pikeman
33:09 Bracer
34:44 Horse Collar
35:16 Bow Saw
36:51 Elite Longbowman
39:19 Ballistics
40:00 Chemistry
Çin Düşmanı
12:08 Feudal Age
17:05 Castle Age
15:13 Horse Collar
16:51 Double-Bit Axe
17:38 Gold Mining
18:00 Heavy Plow
21:20 Stone Mining
24:31 Scale Barding Armor
25:00 Bow Saw
28:23 Wheelbarrow
28:30 Gold Shaft Mining
28:13 Forging
31:33 Chain Barding Armor
32:01 Loom
32:34 Hand Cart
34:21 Iron Casting
39:06 Imperial Age
37:28 Bloodlines
37:20 Husbandry
Deta01
5:24 Loom
10:51 Feudal Age
15:47 Castle Age
13:53 Double-Bit Axe
14:18 Horse Collar
17:07 Stone Mining
20:53 Fletching
28:13 Wheelbarrow
29:07 Scale Barding Armor
30:04 Bow Saw
33:54 Imperial Age
31:51 Heavy Plow
33:17 Chain Barding Armor
35:38 Plate Barding Armor
34:54 Cavalier
Connection lost

Rejoining the realm…

Still unreachable

The connection could not be restored.

Session expired

The server has moved on; the page needs a fresh start.